 Dungeon Crawl Stone Soup version 0.30-b1-2-g02819fbbbe (webtiles) character file.

Game seed: 13607701978416688114

154183 Arcadio the Tortoise (level 17, -2/167 (170) HPs)
             Began as a Minotaur Fighter on May 12, 2023.
             Was the Champion of Uskayaw.
             Slain by a wolf spider (12 damage)
             ... on level 4 of the Spider Nest.
             The game lasted 00:54:33 (34469 turns).

Arcadio the Tortoise (Minotaur Fighter)            Turns: 34469, Time: 00:54:34

HP:   -2/167 (170)  AC: 32    Str: 33    XL:     17   Next: 6%
MP:   16/16         EV:  9    Int: 10    God:    Uskayaw [******]
Gold: 484           SH:  6    Dex: 12    Spells: 16/16 levels left

rFire   . . .        H - +9 war axe (elec)
rCold   . . .        c - +0 buckler
rNeg    + . .        P - +3 plate armour "Nuerebri" {rN+ Int+5}
rPois   +            a - +2 hat {SInv}
rElec   .            U - +1 cloak
rCorr   +            I - +2 pair of gloves
SInv    +            F - +0 pair of boots
Will    +....        b - amulet "Plog" {Faith rPois Slay+2} Stlth
                     S - ring of resist corrosion
HPRegen 0.47/turn    T - +6 ring of strength
MPRegen 0.15/turn

%: faith
@: studying Shields, lightly drained
A: horns 2, retaliatory headbutt
a: Renounce Religion, Stomp, Line Pass, Grand Finale


You were on level 4 of the Spider Nest.
You worshipped Uskayaw.
Uskayaw was noncommittal.
You visited 5 branches of the dungeon, and saw 27 of its levels.
You also visited: Sewer and Bailey.

You collected 2584 gold pieces.
You spent 2100 gold pieces at shops.

Inventory:

Hand Weapons
 H - a +9 war axe of electrocution (weapon)
Armour
 a - a +2 hat of see invisible (worn)
 c - a +0 buckler (worn)
 n - a +0 ring mail of fire resistance
 A - the +4 skin of Zhor {*Englaciate rC+++ SInv}
   (You found it on level 3 of the Lair of Beasts)

   *Englaciate: It radiates cold, occasionally slowing all nearby creatures who
   are not resistant to cold.
   rC:        It renders you almost immune to cold.
   SInv:      It lets you see invisible.
 F - a +0 pair of boots (worn)
 I - a +2 pair of gloves (worn)
 O - a +2 robe of resistance
 P - the +3 plate armour "Nuerebri" (worn) {rN+ Int+5}
   (You found it in a bailey)

   Int:       It affects your intelligence (+5).
   rN:        It protects you from negative energy.
 U - a +1 cloak (worn)
Jewellery
 b - the amulet "Plog" (around neck) {Faith rPois Slay+2}
   (You found it on level 2 of the Lair of Beasts)

   [amulet of faith]

   It allows you to gain divine favour quickly.
   Slay:      It affects your accuracy & damage with ranged weapons and melee
   (+2).
   rPois:     It protects you from poison.
 s - a ring of protection from cold
 N - a +4 ring of protection
 Q - the brooch of Shielding {Spirit SH+8}
   (You bought it in a shop on level 2 of the Orcish Mines)

   [amulet of guardian spirit]

   It causes incoming damage to be divided between your reserves of health and
   magic.
   SH:        It affects your SH (+8).
 S - a ring of resist corrosion (left hand)
 T - a +6 ring of strength (right hand)
 X - a ring of see invisible
Wands
 k - a wand of flame (31)
 o - a wand of light (16)
 K - a wand of iceblast (14)
 L - a wand of paralysis (13)
Scrolls
 f - 4 scrolls of magic mapping
 i - 14 scrolls of teleportation
 p - 6 scrolls of fear
 q - 7 scrolls of immolation
 r - 11 scrolls of identify
 t - 3 scrolls of enchant weapon
 u - 3 scrolls of blinking
 w - 5 scrolls of vulnerability
 y - 2 scrolls of poison
 z - a scroll of silence
 D - 2 scrolls of enchant armour
 G - 2 scrolls of torment
 J - 3 scrolls of fog
 R - 2 scrolls of butterflies
 V - 5 scrolls of amnesia
Potions
 d - 5 potions of might
 e - 3 potions of mutation
 g - 9 potions of curing
 h - 5 potions of lignification
 j - 3 potions of berserk rage
 l - 6 potions of attraction
 m - 2 potions of resistance
 v - 5 potions of brilliance
 B - 3 potions of invisibility
 C - 2 potions of heal wounds
 E - 7 potions of cancellation
 M - 7 potions of flight
 Y - 2 potions of haste
 Z - a potion of magic
Miscellaneous
 x - a phial of floods
 W - a condenser vane


   Skills:
 + Level 20.2 Fighting
 + Level 20.0 Axes
 + Level 20.2 Armour
 - Level 8.1 Shields
 + Level 9.1 Evocations


You had 16 spell levels left.
You didn't know any spells.
Your spell library contained the following spells:

 Spells                   Type           Power      Damage    Failure   Level
 Apportation              Tloc           0%         N/A       83%         1
 Foxfire                  Conj/Fire      0%         2x1d4     83%         1
 Necrotise                Necr           0%         1d4       83%         1
 Shock                    Conj/Air       0%         1d3       83%         1
 Summon Small Mammal      Summ           0%         N/A       83%         1
 Blink                    Tloc           0%         N/A       93%         2
 Cigotuvi's Dreadful Rot  Necr/Pois/Air  0%         N/A       93%         2
 Ensorcelled Hibernation  Hex/Ice        0%         N/A       93%         2
 Call Canine Familiar     Summ           0%         N/A       99%         3
 Dazzling Flash           Conj/Hex       0%         N/A       99%         3
 Spider Form              Tmut/Pois      0%         N/A       99%         3
 Stone Arrow              Conj/Erth      0%         3d7       99%         3
 Summon Guardian Golem    Hex/Summ       0%         N/A       99%         3
 Swiftness                Air            0%         N/A       99%         3
 Vhi's Electric Charge    Tloc/Air       0%         N/A       99%         3
 Airstrike                Air            0%         2d(0-16)  100%        4
 Anguish                  Hex/Necr       0%         N/A       100%        4
 Animate Armour           Summ/Erth      0%         N/A       100%        4
 Dispel Undead            Necr           0%         3d6       100%        4
 Manifold Assault         Tloc           0%         N/A       100%        4
 Petrify                  Tmut/Erth      0%         N/A       100%        4
 Agony                    Necr           0%         N/A       100%        5
 Arcjolt                  Conj/Air       0%         1d10      100%        5
 Fireball                 Conj/Fire      0%         3d3       100%        5
 Metabolic Englaciation   Hex/Ice        0%         N/A       100%        5
 Silence                  Hex/Air        0%         N/A       100%        5
 Death Channel            Necr           0%         N/A       100%        6
 Plasma Beam              Fire/Air       0%         2x1d11    100%        6
 Starburst                Conj/Fire      0%         6d3       100%        6
 Statue Form              Tmut/Erth      0%         N/A       100%        6
 Storm Form               Tmut/Air       0%         N/A       100%        7
 Lehudib's Crystal Spear  Conj/Erth      0%         10d2      100%        8
 Maxwell's Capacitive Co  Air            0%         ∞         100%        8


Dungeon Overview and Level Annotations

Branches:
Dungeon (15/15) Zot: 24284  Temple (1/1) D:6 Zot: 5838    Lair (5/5) D:8 Zot: 22935
 Shoals (0/4) Lair:3       Spider (4/4) Lair:2 Zot: 18227   Slime (0/5) Lair:4
    Orc (2/2) D:12 Zot: 9357     Elf (0/3) Orc:2        Vaults (0/5) D:14
 Depths (0/4) D:15          Sewer (visited)          Bailey (visited)

Altars:
Ashenzari
Cheibriados
Dithmenos
Fedhas
Gozag
Hepliaklqana
Kikubaaqudgha
Makhleb
Nemelex Xobeh
Okawaru
Qazlal
Ru
Sif Muna
Trog
Uskayaw
Vehumet
Wu Jian
Xom
Yredelemnul
Zin
The Shining One
Jiyva

Shops:
D:3 :[(*   D:8 :   Orc:2 !=*?

Annotations:
D:8 3 runed translucent doors, Vruhak's ghost, novice MfBe
Spider:2 2 transporters


Innate Abilities, Weirdness & Mutations

You have a pair of horns on your head.
You reflexively headbutt those who attack you in melee.


Message History

The emperor scorpion claws you but does no damage.
You hit the redback.
The redback is almost dead.
You closely miss the wolf spider. You hit the emperor scorpion.
Lightning courses through the emperor scorpion!
You closely miss the tarantella. You slice the pharaoh ant!!
The wolf spider hits you but does no damage.
The wolf spider bites you! The redback closely misses you.
The pharaoh ant bites you but does no damage.
The moth of wrath goads the redback on!
The redback goes berserk!
The wolf spider hits you.
The wolf spider bites you but does no damage.
The tarantella touches you.
The wolf spider attacks as you move away!
The wolf spider closely misses you. The wolf spider bites you.
The emperor scorpion stings you but does no damage.
The emperor scorpion claws you but does no damage. x2
The tarantella touches you but does no damage.
The radroach barely misses you. The radroach closely misses you.
The emperor scorpion stings you! The emperor scorpion misses you.
The emperor scorpion claws you.
You are too confused!
You feel less confused. The wolf spider completely misses you.
The wolf spider barely misses you. The pharaoh ant bites you!
The wolf spider hits you. You block the wolf spider's attack.
The radroach bites you but does no damage.
The radroach claws you but does no damage.
You feel better. The wolf spider hits you!! The wolf spider barely misses you.
The pharaoh ant bites you!
* * * LOW HITPOINT WARNING * * *
You partially resist.
You feel drained.
* * * LOW HITPOINT WARNING * * *
You block the radroach's attack. The radroach claws you.
* * * LOW HITPOINT WARNING * * *
The emperor scorpion stings you.
* * * LOW HITPOINT WARNING * * *
The emperor scorpion claws you but does no damage. x2
The wolf spider hits you!
You die...

##.....^. ##...^.... ...
##......... ^....
#.~.^^..~.. .....
########^^^ ......
########~.......~#
.....^#####..^.≈^.........^^
^..##^..^ss.....#......†....
..^^.....sB@.......^..†.†...
.......††ssB..†.#^......†...
........$.sw..^...^^....^^..
.......^^y.^..^^.########...
.......##^~..~.####^^.^^^^^#
...^##. ##.^.### ##.....^..
... ^. ##### ##....... ..
... #^...... . .... ##......


You could see an emperor scorpion, a radroach (berserk), a steelbarb worm, a
wolf spider (berserk), a moth of wrath, a pharaoh ant, 2 tarantellas and 2
redbacks.

Vanquished Creatures
  Mara (Spider:3)
  Arachne (Spider:3)
  Rupert (D:13)
  Jorgrun (D:14)
  Mlioglotl (Spider:3)
  Frances (D:14)
  Gastronok (Lair:2)
  Kirke (D:14)
  Agnes (D:14)
  Roxanne (D:15)
  2 emperor scorpions
  4 ghost moths
  Nessos (D:13)
  A broodmother (Spider:4)
  Azrael (D:15)
  A dire elephant (D:15)
  A spark wasp (Spider:3)
  2 entropy weavers
  An ice dragon (D:15)
  3 ogre magi
  8 vault guards (D:14)
  7 hydras
  A rakshasa (D:13)
  3 radroaches
  Erica (D:8)
  4 catoblepae
  6 centaur warriors
  9 boulder beetles
  A deep troll shaman (Lair:5)
  4 death yaks (Lair:5)
  A tengu warrior (D:15)
  13 two-headed ogres
  A death scarab (Spider:4)
  3 sun moths
  A pharaoh ant (Spider:1)
  2 deep trolls
  4 orb spiders
  A wizard (D:15)
  3 steelbarb worms
  A lindwurm (Lair:3)
  3 deep elf pyromancers
  A shining eye (shapeshifter) (D:13)
  7 ugly things
  An orc sorcerer (Orc:2)
  An orc knight (Orc:1)
  25 wolf spiders
  3 manticores
  8 cyclopes
  A salamander (D:15)
  3 torpor snails
  3 moths of wrath
  9 elephants
  A black mamba (shapeshifter) (D:13)
  3 demonic crawlers
  A black mamba (Lair:3)
  4 gargoyles
  Maggie (D:6)
  Joseph (D:9)
  15 cane toads
  12 komodo dragons
  2 unseen horrors
  A yaktaur (shapeshifter) (D:13)
  4 rime drakes
  An efreet (D:14)
  9 trolls
  2 tengu conjurers
  A wind drake (Lair:3)
  6 meliai
  7 polar bears
  16 tarantellas
  A hornet (shapeshifter) (D:14)
  3 blink frogs (Lair:4)
  A dream sheep (shapeshifter) (D:12)
  7 dream sheep (Lair:3)
  Grinder (D:6)
  4 slime creatures
  2 shadows
  23 culicivoras
  Eustachio (D:6)
  24 jumping spiders
  43 yaks
  4 basilisks
  A vampire (D:12)
  2 fire elementals (D:15)
  A hog (D:14)
  4 wyverns
  3 wraiths
  Grum (D:11)
  2 steam dragons
  54 redbacks
  13 vampire mosquitoes
  Edmund (D:4)
  3 hell hounds (D:15)
  2 acid dragons
  16 water moccasins
  A floating eye (D:13)
  18 orc warriors
  An ice beast (shapeshifter) (D:11)
  2 sky beasts
  7 ice beasts
  28 wolves
  21 ogres
  7 centaurs
  3 kobold brigands
  10 bullfrogs
  2 scorpions
  7 wights (D:8)
  15 killer bees
  3 electric eels
  Crazy Yiuf (D:4)
  4 jellies
  15 orc priests
  Jessica (D:2)
  2 iguanas
  14 orc wizards
  A sleepcap (D:8)
  Natasha (thrice) (D:4)
  Robin (D:2)
  7 gnolls
  4 adders
  3 river rats (Sewer)
  2 worms
  3 dart slugs
  59 orcs
  6 endoplasms
  4 giant cockroaches
  15 goblins
  8 hobgoblins
  8 jackals (D:1)
  41 kobolds
  A quokka (D:4)
  13 ball pythons
  4 bats
  4 frilled lizards
  25 rats
844 creatures vanquished.

Vanquished Creatures (others)
  A bush (Lair:4)
  15 fungi
  27 plants
43 creatures vanquished.

Grand Total: 887 creatures vanquished

Notes
Turn   | Place    | Note
-------+----------+-------------------------------------------
     0 | D:1      | Arcadio the Minotaur Fighter began the quest for the Orb.
     0 | D:1      | Reached XP level 1. HP: 19/19 MP: 0/0
   126 | D:1      | Reached XP level 2. HP: 27/27 MP: 1/1
   539 | D:1      | Reached XP level 3. HP: 24/33 MP: 2/2
   657 | D:2      | Noticed Robin
   666 | D:2      | Killed Robin
   714 | D:2      | Noticed Jessica
   718 | D:2      | Killed Jessica
   719 | D:2      | Reached XP level 4. HP: 36/40 MP: 3/3
  1229 | D:2      | You fall into a shaft and drop 1 floor!
  1232 | D:3      | Found Woaru's Antique Armour Boutique.
  1235 | D:3      | Found Dahyrieph's Book Boutique.
  1272 | D:3      | Found Reinlet's Antique Weapon Shoppe.
  1885 | D:3      | Reached XP level 5. HP: 42/47 MP: 4/4
  1951 | D:3      | Found a faded altar of an unknown god.
  1987 | D:3      | Found a stormy altar of Qazlal.
  1987 | D:3      | Noticed a sky beast
  1997 | D:3      | Killed a sky beast
  1998 | D:3      | Reached skill level 5 in Fighting
  1998 | D:3      | Reached skill level 5 in Armour
  1998 | D:3      | Reached skill level 5 in Shields
  2083 | D:3      | Found Ofeomihy's General Store.
  2137 | D:3      | Bought a scroll of fear for 40 gold pieces
  2137 | D:3      | Bought a scroll of teleportation for 30 gold pieces
  2137 | D:3      | Bought a potion of heal wounds for 50 gold pieces
  2201 | D:4      | Noticed an ogre
  2205 | D:4      | HP: 2/48 [ogre/+0 giant spiked club (26)]
  2377 | D:4      | Killed an ogre
  2378 | D:4      | Reached XP level 6. HP: 56/56 MP: 5/5
  2576 | D:4      | Noticed Natasha
  2590 | D:4      | Killed Natasha
  2822 | D:4      | Found a runed translucent door.
  2823 | D:4      | Noticed Crazy Yiuf
  2896 | D:4      | Noticed Edmund
  2920 | D:4      | Killed Edmund
  2921 | D:4      | Reached skill level 5 in Axes
  2921 | D:4      | Reached XP level 7. HP: 19/62 MP: 6/6
  3006 | D:4      | Noticed Natasha
  3013 | D:4      | Killed Natasha
  3029 | D:4      | Noticed Natasha
  3034 | D:4      | Killed Natasha
  3240 | D:4      | Killed Crazy Yiuf
  3363 | D:5      | Entered Level 5 of the Dungeon
  3630 | D:5      | Found a glowing drain.
  3641 | Sewer    | Entered a sewer
  4197 | D:5      | Found a hazy altar of Hepliaklqana.
  4197 | D:5      | Found a basalt altar of Yredelemnul.
  4198 | D:5      | Found a sacrificial altar of Ru.
  4415 | D:5      | Found an ancient bone altar of Kikubaaqudgha.
  4470 | D:5      | Found a shadowy altar of Dithmenos.
  4473 | D:5      | Found a sparkling altar of Nemelex Xobeh.
  4719 | D:6      | Reached XP level 8. HP: 71/71 MP: 7/7
  4728 | D:6      | Noticed Maggie
  4741 | D:6      | Killed Maggie
  5144 | D:6      | Noticed Grinder
  5149 | D:6      | Paralysed by Grinder for 2 turns
  5157 | D:6      | Killed Grinder
  5199 | D:6      | Found a staircase to the Ecumenical Temple.
  5211 | Temple   | Entered the Ecumenical Temple
  5358 | Temple   | Became a worshipper of Uskayaw the Reveller
  5480 | D:6      | Noticed Eustachio
  5482 | D:6      | Reached * piety under Uskayaw
  5487 | D:6      | Killed Eustachio
  5641 | D:7      | Reached ** piety under Uskayaw
  5642 | D:7      | Reached XP level 9. HP: 72/81 MP: 8/8
  5643 | D:7      | Reached *** piety under Uskayaw
  5780 | D:7      | Found an iron altar of Okawaru.
  6270 | D:7      | Found a glowing silver altar of Zin.
  6312 | D:7      | Reached **** piety under Uskayaw
  6314 | D:7      | Reached ***** piety under Uskayaw
  7025 | D:8      | Found a runed translucent gate.
  7026 | D:8      | Found a runed translucent gate.
  7027 | D:8      | Found a runed translucent gate.
  7028 | D:8      | Noticed Vruhak's ghost (novice MfBe)
  7127 | D:8      | Noticed Erica
  7376 | D:8      | Noticed a rime drake
  7392 | D:8      | Reached XP level 10. HP: 37/93 MP: 9/9
  7400 | D:8      | Reached ****** piety under Uskayaw
  7401 | D:8      | Reached skill level 10 in Fighting
  7401 | D:8      | Reached skill level 10 in Armour
  7552 | D:8      | Found a staircase to the Lair.
  7605 | D:8      | Paralysed by something for 3 turns
  7608 | D:8      | Killed Erica
  7609 | D:8      | Reached skill level 10 in Axes
  7966 | D:8      | Found Picvaig's Book Shop.
  8390 | D:9      | Found a flagged portal.
  8445 | Bailey   | Entered a bailey
  8538 | Bailey   | Identified the +3 plate armour "Nuerebri" {rN+ Int+5}
  9053 | D:9      | Noticed Joseph
  9062 | D:9      | Killed Joseph
 10092 | D:10     | Entered Level 10 of the Dungeon
 10099 | D:10     | Noticed a gargoyle
 10110 | D:10     | Killed a gargoyle
 10111 | D:10     | Reached XP level 11. HP: 102/102 MP: 10/10
 11369 | D:11     | Noticed Grum
 11379 | D:11     | Killed Grum
 11719 | D:11     | Paralysed by a hornet for 1 turns
 12169 | D:12     | Noticed a brown ugly thing
 12182 | D:12     | Killed a brown ugly thing
 12285 | D:12     | Found a staircase to the Orcish Mines.
 12341 | D:12     | Noticed a brown ugly thing
 12347 | D:12     | Killed a brown ugly thing
 12502 | D:12     | Noticed a green ugly thing
 12515 | D:12     | Killed a green ugly thing
 12982 | D:12     | Found a broken altar of Ashenzari.
 13443 | D:3      | Bought a ring of see invisible for 150 gold pieces
 13443 | D:3      | Bought a scroll of enchant armour for 75 gold pieces
 13567 | Lair:1   | Entered Level 1 of the Lair of Beasts
 13815 | Lair:1   | Reached XP level 12. HP: 53/115 MP: 11/11
 14050 | Lair:1   | Noticed a catoblepas
 14056 | Lair:1   | Killed a catoblepas
 14916 | Lair:2   | Found a hole to the Spider Nest.
 15131 | Lair:2   | Noticed Gastronok
 15141 | Lair:2   | Killed Gastronok
 15715 | Lair:2   | Identified the amulet "Plog" {Faith rPois Slay+2}
 16285 | Lair:3   | Reached skill level 15 in Fighting
 16287 | Lair:3   | Reached skill level 15 in Armour
 16531 | Lair:3   | Reached XP level 13. HP: 126/126 MP: 12/12
 16655 | Lair:3   | Found the +4 skin of Zhor {*Englaciate rC+++ SInv}
 16860 | Lair:3   | Reached skill level 15 in Axes
 16979 | Lair:3   | Found a staircase to the Shoals.
 18342 | Lair:4   | Found a viscous altar of Jiyva.
 18343 | Lair:4   | Found a staircase to the Slime Pits.
 18875 | Lair:5   | Entered Level 5 of the Lair of Beasts
 19006 | Lair:5   | Identified the +0 pair of boots of Crawling {-Tele Str+5
                  | SInv}
 19628 | Lair:5   | Reached XP level 14. HP: 131/138 MP: 13/13
 20793 | Orc:1    | Entered Level 1 of the Orcish Mines
 21064 | Orc:2    | Entered Level 2 of the Orcish Mines
 21064 | Orc:2    | Found a gate leading to a gauntlet.
 21849 | Orc:1    | Reached skill level 1 in Evocations
 22826 | Orc:2    | Found Soh Gag's Magic Scroll Emporium.
 22847 | Orc:2    | Found Torosea's Assorted Antiques.
 22880 | Orc:2    | Found Zobo's Distillery.
 22883 | Orc:2    | Found a staircase to the Elven Halls.
 22891 | Orc:2    | Found Widd's Jewellery Emporium.
 23229 | Orc:2    | Bought the brooch of Shielding {Spirit SH+8} for 1365 gold
                  | pieces
 23229 | Orc:2    | Found the brooch of Shielding {Spirit SH+8}
 23261 | Orc:2    | Bought a scroll of identify for 32 gold pieces
 23261 | Orc:2    | Bought a scroll of identify for 32 gold pieces
 23261 | Orc:2    | Bought a scroll of identify for 32 gold pieces
 23261 | Orc:2    | Bought a scroll of teleportation for 48 gold pieces
 23261 | Orc:2    | Bought a scroll of fear for 64 gold pieces
 23268 | Orc:2    | Bought a potion of berserk rage for 70 gold pieces
 23661 | Orc:2    | Bought 2 potions of might for 112 gold pieces
 23865 | D:13     | Noticed Nessos
 23879 | D:13     | Killed Nessos
 24033 | D:13     | Noticed Rupert
 24033 | D:13     | Paralysed by Rupert for 2 turns
 24042 | D:13     | Killed Rupert
 24440 | D:13     | Reached XP level 15. HP: 145/149 MP: 12/14
 24693 | D:14     | Noticed Jorgrun
 24698 | D:14     | Killed Jorgrun
 24737 | D:14     | Noticed Frances
 24747 | D:14     | Killed Frances
 24785 | D:14     | Reached skill level 5 in Evocations
 25224 | D:14     | Found a gate to the Vaults.
 25650 | D:15     | Entered Level 15 of the Dungeon
 25801 | D:15     | Paralysed by an ogre mage for 5 turns
 26068 | D:15     | Noticed Agnes
 26069 | D:15     | Noticed Kirke
 26093 | D:14     | Killed Agnes
 26335 | D:14     | Killed Kirke
 26496 | D:15     | Found a bloodstained altar of Trog.
 26641 | D:15     | Noticed an emperor scorpion
 26646 | D:15     | Killed an emperor scorpion
 26757 | D:15     | Found a staircase to the Depths.
 27264 | D:15     | Noticed Azrael
 27274 | D:15     | Killed Azrael
 27448 | D:15     | Noticed Roxanne
 27793 | D:15     | Killed Roxanne
 28462 | Spider:1 | Entered Level 1 of the Spider Nest
 28862 | Spider:1 | Reached XP level 16. HP: 118/159 MP: 15/15
 28908 | Spider:1 | Identified the +10 halberd of Viny Resourcefulness {heavy,
                  | rPois rC+ Str+3}
 29850 | Spider:2 | Found a transporter.
 30373 | Spider:2 | Found a transporter.
 31052 | Spider:3 | Noticed Mara
 31318 | Spider:3 | Noticed Arcadio's illusion
 31806 | Spider:3 | Noticed Arcadio's illusion
 31813 | Spider:3 | Killed Mara
 31938 | Spider:3 | Noticed Mlioglotl
 32361 | Spider:3 | Noticed a bone dragon
 32361 | Spider:3 | Killed Mlioglotl
 32932 | Spider:3 | Noticed Arachne
 32968 | Spider:3 | Killed Arachne
 33480 | Spider:4 | Entered Level 4 of the Spider Nest
 34295 | Spider:4 | Reached XP level 17. HP: 154/170 MP: 1/16
 34469 | Spider:4 | Slain by a wolf spider

Illustrated notes

Levels and vault maps discovered:
D:1:      tarquinn_simple_flora_water_f, layout_basic
D:2:      layout_basic, serial_corexii_hall, chequers_hall_statues_wall_a,
          chequers_hall_statues_corner_a, corexii_hall_statues_l, uniq_robin,
          uniq_jessica
D:3:      layout_basic, nicolae_qazlal_beasts_of_the_sky,
          shapermc_ecumenical_altar_starsandcircs, serial_shops,
          nicolae_shop_tiny_glass, shop, nicolae_shop_behind_doors, shop
D:4:      kennysheep_big_flooded_room, layout_rooms, dk_noncrumbling_4,
          uniq_natasha, uniq_crazy_yiuf_cottage, uniq_edmund
D:5:      layout_loops_ring, nicolae_overflow_hidden_temple,
          lemuel_doored_altar, portal_sewer_entry_d
D:6:      layout_loops_cross, minmay_temple_entry_gardened_gates,
          uniq_eustachio, uniq_grinder, uniq_maggie
D:7:      layout_loops_ring, zin_scriptorium, okawaru_metal_pillars_3,
          minmay_manual_mail
D:8:      layout_gridville, hellmonk_lair_entry_icy, gammafunk_ghost_spectres,
          serial_shops, shop, uniq_erica
D:9:      layout_grid_maze, enter_bailey_2, uniq_joseph
D:10:     layout_basic, chequers_arboretum
D:11:     layout_basic, nicolae_wwwww, uniq_grum
D:12:     layout_irregular_city, orc_0_dummy, cheibrodos_ashenzari_chains
D:13:     layout_roguey, chequers_serial_rivers_room_b, onia_ninara_cookie,
          uniq_nessos, uniq_rupert
D:14:     layout_roguey, erik_vaults_2, minmay_staircase_bubble, uniq_frances,
          uniq_jorgrun
D:15:     hangedman_depths_entry_try_elsewhere_first, layout_loops_ring,
          trog_three_pillars_becter, uniq_roxanne, uniq_agnes, uniq_azrael,
          uniq_kirke
Temple:   nicolae_temple_god_jail
Lair:1:   layout_loops_ring, dpeg_stationary_puzzle
Lair:2:   layout_cave_pods, nicolae_spider_entry_tight_spaces, uniq_gastronok
Lair:3:   layout_layer_cave, minmay_shoals_entry_beasts
Lair:4:   hellmonk_ruined_rings, layout_small_grid, slime_entry_1,
          cheibrodos_lair_lostbears
Lair:5:   grunt_lair_end_beastmaster, layout_loops_ring
Spider:1: layout_spider_delve
Spider:2: gammafunk_boulding_lane, guppyfry_spider_mini_1
Spider:3: layout_chambers, uniq_mlioglotl, uniq_arachne, uniq_mara
Spider:4: grunt_spider_rune_parallel, nicolae_spider_checkerboard
Orc:1:    layout_diamond_mine, statue_in_the_mist_lemuel
Orc:2:    st_orc_open, layout_caves, gauntlet_entry_generic, basic_altar

Skill      XL: |  1  2  3  4  5  6  7  8  9 10 11 12 13 14 15 16 |
---------------+-------------------------------------------------+-----
Shields        | 4 5 6 8 |  8.1
Fighting       | 4 5 6 8 9 11 13 15 16 17 19 20 | 20.2
Armour         | 4 5 6 7 9 11 13 15 16 17 19 20 | 20.2
Axes           | 3 4 5 6 7 9 11 13 14 16 17 18 20 | 20.0
Evocations     | 4 7 9 |  9.1

Action                     |  1- 3 |  4- 6 |  7- 9 | 10-12 | 13-15 | 16-18 || total
---------------------------+-------+-------+-------+-------+-------+-------++-------
  Melee: War axe           |    55 |   127 |   116 |   386 |   636 |   354 ||  1674
         Headbutt          |     4 |    21 |    29 |    77 |   162 |    84 ||   377
         Hand axe          |       |       |    90 |       |       |       ||    90
 Invoke: Stomp             |       |       |       |       |     1 |       ||     1
  Evoke: Wand              |       |     1 |       |     3 |     8 |     3 ||    15
         Condenser vane    |       |       |       |     1 |     3 |       ||     4
    Use: Scroll            |       |     4 |     6 |     3 |    25 |     1 ||    39
         Potion            |       |     1 |       |     3 |     6 |     4 ||    14
   Stab: Invisible         |       |     1 |       |     1 |     2 |     2 ||     6
         Paralysed         |       |       |     6 |    42 |    79 |    35 ||   162
         Petrified         |       |       |       |       |     5 |       ||     5
         Petrifying        |       |       |       |       |     1 |       ||     1
 Armour: Scale mail        |    37 |    39 |   165 |    67 |       |       ||   308
         Skin              |       |       |       |    42 |       |       ||    42
         Plate armour      |       |       |       |   149 |   557 |   316 ||  1022
  Dodge: Dodged            |    36 |    46 |   127 |   161 |   261 |   148 ||   779
  Block: Buckler           |    17 |    34 |    85 |   139 |   426 |   106 ||   807
         Reflection        |       |       |       |       |     1 |       ||     1
